[Event "Rated Blitz game"]
[Site "?"]
[Date "2021.07.09"]
[Round "?"]
[White "RatzFatzWeg"]
[Black "Iamapotato87"]
[Result "1-0"]
[ECO "C42"]
[WhiteElo "2531"]
[BlackElo "2499"]
[PlyCount "57"]
[EventDate "2021.??.??"]
[EventType "blitz"]
[TimeControl "180+2"]

1. e4 e5 2. Nf3 Nf6 3. Nxe5 d6 4. Nxf7 Kxf7 5. Nc3 c5 6. Bc4+ Be6 7. Bxe6+ Kxe6
8. d4 cxd4 9. Qxd4 Nc6 10. Qc4+ Kd7 11. Bf4 Qe8 12. O-O-O Qe6 13. Nd5 Rc8 14.
Rhe1 Be7 15. Qb5 Rb8 16. Kb1 Rhc8 17. Nxe7 Kxe7 18. Bxd6+ Kf7 19. Bxb8 Rxb8 20.
e5 Nd7 21. f4 a6 22. Qd3 Nc5 23. Qxh7 Nb4 24. b3 Na4 25. Re3 Rc8 26. f5 Qb6 27.
e6+ Ke8 28. Qg8+ Ke7 29. Qf7# {Normal} 1-0

[Event "Rated Blitz game"]
[Site "?"]
[Date "2021.07.09"]
[Round "?"]
[White "RatzFatzWeg"]
[Black "Chrobry1"]
[Result "1-0"]
[ECO "C42"]
[WhiteElo "2536"]
[BlackElo "2415"]
[PlyCount "101"]
[EventDate "2021.??.??"]
[EventType "blitz"]
[TimeControl "180+2"]

1. e4 e5 2. Nf3 Nf6 3. Nxe5 d6 4. Nxf7 Kxf7 5. Nc3 Be6 6. f4 Be7 7. d4 Re8 8.
Bd3 Kg8 9. O-O Bf7 10. Kh1 Nc6 11. Be3 Bh5 12. Qe1 Ng4 13. Bg1 Bh4 14. Qd2 Bf6
15. Ne2 Bf7 16. h3 Nh6 17. g4 g5 18. c3 gxf4 19. Qxf4 Bg5 20. Qg3 Bh4 21. Qf4
Qg5 22. Qf3 Rf8 23. Be3 Qg7 24. Qg2 Bg6 25. Ng3 Rxf1+ 26. Rxf1 Bxg3 27. Qxg3
Rf8 28. Rxf8+ Qxf8 29. Kg2 d5 30. Qxc7 Bxe4+ 31. Bxe4 dxe4 32. Bxh6 Qxh6 33.
Qxb7 Qd2+ 34. Kg3 Qe1+ 35. Kf4 Qf2+ 36. Kxe4 Qg2+ 37. Kf4 Qf2+ 38. Ke4 Ne7 39.
Qa8+ Kf7 40. Qxa7 Qxb2 41. Kd3 Qb1+ 42. Kc4 Qf1+ 43. Kc5 Qxh3 44. c4 Qxg4 45.
a4 h5 46. a5 h4 47. Qc7 Qg5+ 48. d5 Qe3+ 49. Kb4 Kf6 50. Qb6+ Kg5 51. Qxe3+ {
Time forfeit} 1-0

[Event "Rated Blitz tournament i8eVmvwZ"]
[Site "?"]
[Date "2021.07.08"]
[Round "?"]
[White "LokyTheGreat"]
[Black "ihsankilic_youtube"]
[Result "0-1"]
[ECO "C42"]
[WhiteElo "2346"]
[BlackElo "2404"]
[PlyCount "100"]
[EventDate "2021.??.??"]
[EventType "blitz"]
[TimeControl "300"]

1. e4 e5 2. Nf3 Nf6 3. Nxe5 d6 4. Nxf7 Kxf7 5. d4 g6 6. Nc3 Bg7 7. Bc4+ Be6 8.
Bxe6+ Kxe6 9. O-O Re8 10. f4 Kf7 11. e5 Nfd7 12. Qf3 Kg8 13. Qxb7 Nb6 14. Nd5
N8d7 15. Nxc7 Rb8 16. Qxa7 dxe5 17. Nxe8 Qxe8 18. dxe5 Qe6 19. Qa3 Nc4 20. Qd3
Nc5 21. Qe2 Rd8 22. b3 Nxe5 23. fxe5 Bxe5 24. Bg5 Bd4+ 25. Kh1 Qxe2 26. Bxd8
Bxa1 27. Rxa1 Ne4 28. Bb6 Qxc2 29. Bd4 Nf2+ 30. Bxf2 Qxf2 31. b4 Qb2 32. Rf1
Qxb4 33. h3 Qb2 34. a4 Qa2 35. Rf4 g5 36. Rg4 h6 37. Kh2 Kf7 38. Kg3 Kf6 39.
Kf3 Qb3+ 40. Kf2 h5 41. Re4 Qc2+ 42. Kf3 Qd3+ 43. Re3 Qd1+ 44. Kf2 Qxa4 45.
Rf3+ Kg6 46. Re3 g4 47. hxg4 hxg4 48. Kg3 Kf5 49. Re2 Qf4+ 50. Kh4 g3+ {Normal}
0-1

[Event "Rated Blitz tournament dNUPEjDL"]
[Site "?"]
[Date "2021.07.08"]
[Round "?"]
[White "Ohnezahn007"]
[Black "Desolator"]
[Result "1-0"]
[ECO "C42"]
[WhiteElo "2413"]
[BlackElo "2358"]
[PlyCount "45"]
[EventDate "2021.??.??"]
[EventType "blitz"]
[TimeControl "300"]

1. e4 e5 2. Nf3 Nf6 3. Nxe5 d6 4. Nxf7 Kxf7 5. Nc3 c5 6. Bc4+ Be6 7. Bxe6+ Kxe6
8. d4 cxd4 9. Qxd4 Nc6 10. Qc4+ Kd7 11. Bf4 Kc8 12. O-O-O a6 13. e5 Nh5 14. Be3
Qa5 15. Nd5 Qb5 16. Qg4+ Kb8 17. Qxh5 Nxe5 18. Qh4 Qe8 19. Rhe1 h6 20. Bb6 g5
21. Qg3 Bg7 22. Bc7+ Kc8 23. Bxd6 {Normal} 1-0

[Event "Rated Blitz game"]
[Site "?"]
[Date "2021.07.08"]
[Round "?"]
[White "Chessibague"]
[Black "Hidroksipropil"]
[Result "0-1"]
[ECO "C42"]
[WhiteElo "2548"]
[BlackElo "2564"]
[PlyCount "49"]
[EventDate "2021.??.??"]
[EventType "blitz"]
[TimeControl "180"]

1. e4 e5 2. Nf3 Nf6 3. Nxe5 d6 4. Nxf7 Kxf7 5. Nc3 c5 6. Bc4+ Ke8 7. O-O Nc6 8.
f4 Bg4 9. Qe1 Nd4 10. Qg3 Qd7 11. e5 Nh5 12. e6 Bxe6 13. Qh4 Bxc4 14. Re1+ Be7
15. Qxh5+ Bf7 16. Qd1 Kd8 17. d3 Bh4 18. g3 Qh3 19. Be3 Bxg3 20. hxg3 Qxg3+ 21.
Kf1 Nf3 22. Bf2 Qh3+ 23. Ke2 Re8+ 24. Ne4 Bh5 25. Ke3 {Normal} 0-1

[Event "Rated Blitz game"]
[Site "?"]
[Date "2021.07.08"]
[Round "?"]
[White "agent8890"]
[Black "d-pawn"]
[Result "0-1"]
[ECO "C42"]
[WhiteElo "2479"]
[BlackElo "2531"]
[PlyCount "68"]
[EventDate "2021.??.??"]
[EventType "blitz"]
[TimeControl "180"]

1. e4 e5 2. Nf3 Nf6 3. Nxe5 d6 4. Nxf7 Kxf7 5. d4 c5 6. Bc4+ Be6 7. Bxe6+ Kxe6
8. O-O cxd4 9. f4 Nc6 10. e5 dxe5 11. fxe5 Nxe5 12. Bf4 Ng6 13. Qe2+ Kf7 14.
Bg5 d3 15. cxd3 Bc5+ 16. Kh1 Re8 17. Qh5 Kg8 18. Bxf6 Qxf6 19. Nc3 Qe5 20. Rf5
Qe1+ 21. Rf1 Qe7 22. Nd5 Qd6 23. Rac1 Bd4 24. Nc7 Re5 25. Qf3 Rf8 26. Qxb7 Rh5
27. Rxf8+ Nxf8 28. h3 Qg3 29. Qc8 Be5 30. Kg1 Qh2+ 31. Kf2 Bxc7 32. Rxc7 Rh6
33. Rxg7+ Kxg7 34. Qc7+ Qxc7 {Normal} 0-1

[Event "Rated Blitz game"]
[Site "?"]
[Date "2021.07.08"]
[Round "?"]
[White "slot"]
[Black "aeminovsensey1"]
[Result "1-0"]
[ECO "C42"]
[WhiteElo "2488"]
[BlackElo "2457"]
[PlyCount "47"]
[EventDate "2021.??.??"]
[EventType "blitz"]
[TimeControl "180"]

1. e4 e5 2. Nf3 Nf6 3. Nxe5 d6 4. Nxf7 Kxf7 5. d4 Qe8 6. Nc3 g6 7. Bd3 Bg7 8.
O-O Rf8 9. f4 Kg8 10. h3 c5 11. d5 a6 12. a4 b6 13. Qe1 Nbd7 14. Qh4 Bb7 15.
Bd2 Rb8 16. Rae1 Qd8 17. f5 gxf5 18. Rxf5 Ne5 19. Ref1 Nfd7 20. Bg5 Qe8 21. Nd1
Qg6 22. Ne3 Rxf5 23. Nxf5 Nxd3 24. Ne7+ {Normal} 1-0

[Event "Rated Blitz game"]
[Site "?"]
[Date "2021.07.08"]
[Round "?"]
[White "Doubleb17"]
[Black "adnansendur"]
[Result "0-1"]
[ECO "C42"]
[WhiteElo "2467"]
[BlackElo "2470"]
[PlyCount "50"]
[EventDate "2021.??.??"]
[EventType "blitz"]
[TimeControl "180"]

1. e4 e5 2. Nf3 Nf6 3. Nxe5 d6 4. Nxf7 Kxf7 5. Nc3 Qe8 6. Bc4+ Be6 7. Be2 c5 8.
d4 cxd4 9. Qxd4 Nc6 10. Qd2 Rd8 11. f4 d5 12. e5 Ne4 13. Nxe4 dxe4 14. Qe3 Nd4
15. Bd1 Qc6 16. c3 Nf5 17. Qe2 Bc4 18. Qh5+ g6 19. Qg5 Rxd1+ 20. Kxd1 Qd5+ 21.
Ke1 Be7 22. Qg4 Rd8 23. b3 Qd3 24. Qh3 Qc2 25. bxc4 Rd1# {Normal} 0-1

[Event "Rated Blitz game"]
[Site "?"]
[Date "2021.07.08"]
[Round "?"]
[White "inflado"]
[Black "sergi0medina"]
[Result "1-0"]
[ECO "C42"]
[WhiteElo "2400"]
[BlackElo "2394"]
[PlyCount "37"]
[EventDate "2021.??.??"]
[EventType "blitz"]
[TimeControl "180"]

1. e4 e5 2. Nf3 Nf6 3. Nxe5 d6 4. Nxf7 Kxf7 5. d4 c5 6. Bc4+ Be6 7. Bxe6+ Kxe6
8. dxc5 Nc6 9. O-O dxc5 10. Qe2 Kf7 11. Qc4+ Kg6 12. Be3 Nd4 13. f4 b5 14. f5+
Kh5 15. Qf7+ Kg4 16. Rf4+ Kg5 17. h4+ Kh6 18. Rg4+ g5 19. hxg5# {Normal} 1-0

[Event "Rated Blitz tournament dNUPEjDL"]
[Site "?"]
[Date "2021.07.08"]
[Round "?"]
[White "Ohnezahn007"]
[Black "Desolator"]
[Result "1-0"]
[ECO "C42"]
[WhiteElo "2400"]
[BlackElo "2365"]
[PlyCount "107"]
[EventDate "2021.??.??"]
[EventType "blitz"]
[TimeControl "300"]

1. e4 e5 2. Nf3 Nf6 3. Nxe5 d6 4. Nxf7 Kxf7 5. Nc3 Be7 6. Bc4+ Be6 7. Bxe6+
Kxe6 8. d4 Rf8 9. O-O Kf7 10. f4 Kg8 11. e5 dxe5 12. fxe5 Nd5 13. Rxf8+ Bxf8
14. Qf3 Nxc3 15. bxc3 Nc6 16. Be3 Qd7 17. Rb1 b6 18. Rf1 Re8 19. Qe4 b5 20. Rf3
a6 21. Rh3 g6 22. Rf3 Na5 23. Rf6 Nc4 24. Bc1 Bg7 25. Rxa6 Kh8 26. Ra8 Nb6 27.
Rxe8+ Qxe8 28. Bf4 Qe6 29. Qb7 Nd5 30. Bd2 h6 31. Qxb5 c6 32. Qd3 Kh7 33. c4
Nb6 34. c5 Nd5 35. c4 Nc7 36. a4 Na6 37. Be3 Bf8 38. a5 Be7 39. Qe4 Nb4 40. h4
Qxc4 41. h5 Qe6 42. Bd2 Na6 43. g4 Kg7 44. Qd3 Nc7 45. a6 gxh5 46. gxh5 Qg4+
47. Kf1 Qxh5 48. Ba5 Qf7+ 49. Ke1 Na8 50. Qg3+ Kh7 51. Qh3 Qe8 52. Qe6 Qd8 53.
Bxd8 Bxd8 54. Qd7+ {Normal} 1-0

[Event "Rated Blitz game"]
[Site "?"]
[Date "2021.07.07"]
[Round "?"]
[White "Persian_leopard"]
[Black "adnansendur"]
[Result "0-1"]
[ECO "C42"]
[WhiteElo "2365"]
[BlackElo "2477"]
[PlyCount "24"]
[EventDate "2021.??.??"]
[EventType "blitz"]
[TimeControl "180"]

1. e4 e5 2. Nf3 Nf6 3. Nxe5 d6 4. Nxf7 Kxf7 5. d4 Qe8 6. Nc3 c5 7. Bc4+ Be6 8.
d5 Bd7 9. O-O b5 10. Be2 b4 11. Nb1 Qxe4 12. Re1 Qxd5 {Normal} 0-1

[Event "Rated Blitz game"]
[Site "?"]
[Date "2021.07.06"]
[Round "?"]
[White "Benj_78"]
[Black "maksmil"]
[Result "0-1"]
[ECO "C42"]
[WhiteElo "2332"]
[BlackElo "2401"]
[PlyCount "56"]
[EventDate "2021.??.??"]
[EventType "blitz"]
[TimeControl "180"]

1. e4 e5 2. Nf3 Nf6 3. Nxe5 d6 4. Nxf7 Kxf7 5. Bc4+ Be6 6. Bxe6+ Kxe6 7. O-O
Qe8 8. d4 Qg6 9. e5 dxe5 10. dxe5 Nd5 11. f4 Qf5 12. c4 Nb4 13. Nc3 N8c6 14. a3
Rd8 15. Qb3 Qc2 16. Qxc2 Nxc2 17. Rb1 Bc5+ 18. Kh1 g6 19. Nd5 Rd7 20. b4 Bd4
21. b5 Ne7 22. a4 Nxd5 23. cxd5+ Rxd5 24. Bd2 Ne3 25. Bxe3 Bxe3 26. Rbe1 Bb6
27. g4 Rf8 28. Re2 Rd4 {Normal} 0-1

[Event "Rated Blitz game"]
[Site "?"]
[Date "2021.07.06"]
[Round "?"]
[White "Dark32"]
[Black "Oleggelo17"]
[Result "1-0"]
[ECO "C42"]
[WhiteElo "2380"]
[BlackElo "2415"]
[PlyCount "105"]
[EventDate "2021.??.??"]
[EventType "blitz"]
[TimeControl "180+2"]

1. e4 e5 2. Nf3 Nf6 3. Nxe5 d6 4. Nxf7 Kxf7 5. d4 c5 6. Bc4+ Be6 7. d5 Bd7 8.
Nc3 Kg8 9. e5 Ne8 10. e6 Bc8 11. O-O Be7 12. f4 a6 13. a4 b5 14. axb5 Bb7 15.
Qh5 g6 16. Qh3 axb5 17. Rxa8 Bxa8 18. Bxb5 Nc7 19. Bc4 Nba6 20. f5 Nb4 21. Qg4
Nbxd5 22. Nxd5 Bxd5 23. fxg6 h5 24. Qf5 Qe8 25. Bxd5 Nxd5 26. Qxd5 Qxg6 27. Rf7
Bf8 28. Qf3 Bg7 29. Qe2 Be5 30. Rb7 Qxe6 31. Kh1 Qf5 32. Be3 Rh7 33. Qc4+ Rf7
34. Rxf7 Qxf7 35. Qxf7+ Kxf7 36. c3 c4 37. g3 Ke6 38. Kg2 Kf5 39. Kf3 d5 40. h3
Bd6 41. Bd4 Bc7 42. g4+ hxg4+ 43. hxg4+ Kg5 44. Be3+ Kf6 45. Bf4 Bb6 46. Bh6 d4
47. Bd2 dxc3 48. Bxc3+ Ke6 49. Kf4 Kf7 50. Kf5 Bf2 51. g5 Be3 52. g6+ Kg8 53.
Ke6 {Normal} 1-0

[Event "Rated Blitz game"]
[Site "?"]
[Date "2021.07.05"]
[Round "?"]
[White "RatzFatzWeg"]
[Black "vasek8804"]
[Result "1-0"]
[ECO "C42"]
[WhiteElo "2542"]
[BlackElo "2476"]
[PlyCount "59"]
[EventDate "2021.??.??"]
[EventType "blitz"]
[TimeControl "180+2"]

1. e4 e5 2. Nf3 Nf6 3. Nxe5 d6 4. Nxf7 Kxf7 5. Nc3 Be7 6. Bc4+ Be6 7. Bxe6+
Kxe6 8. d4 c5 9. dxc5 dxc5 10. Qe2 Nc6 11. Qc4+ Kd7 12. O-O Ke8 13. Rd1 Nd4 14.
Be3 Rc8 15. h3 Qd7 16. a4 Qc6 17. Bxd4 cxd4 18. Qxd4 Kf7 19. e5 Ne8 20. Qf4+
Kg8 21. Rd3 Nc7 22. Rad1 Ne6 23. Qg3 g6 24. Nd5 Bd8 25. Qg4 Kg7 26. Nf6 Be7 27.
Rd7 Rhe8 28. R1d6 Qxc2 29. Nxe8+ Rxe8 30. Qxe6 {Time forfeit} 1-0

[Event "Rated Blitz game"]
[Site "?"]
[Date "2021.07.05"]
[Round "?"]
[White "micfel"]
[Black "YourDentist93"]
[Result "0-1"]
[ECO "C42"]
[WhiteElo "2428"]
[BlackElo "2514"]
[PlyCount "136"]
[EventDate "2021.??.??"]
[EventType "blitz"]
[TimeControl "180"]

1. e4 e5 2. Nf3 Nf6 3. Nxe5 d6 4. Nxf7 Kxf7 5. d4 Be7 6. Nc3 Re8 7. Bc4+ Kf8 8.
O-O Bg4 9. f3 Bh5 10. Qe2 Nc6 11. Be3 Bf7 12. Bxf7 Kxf7 13. Qc4+ Kf8 14. a3 Na5
15. Qd3 Kg8 16. d5 b6 17. b4 Nb7 18. Nb5 Nd7 19. Nd4 Ne5 20. Qe2 Bf6 21. f4 Ng6
22. Nc6 Qd7 23. Bd4 Bxd4+ 24. Nxd4 a5 25. f5 Ne5 26. Ne6 axb4 27. axb4 Rxa1 28.
Rxa1 Nd8 29. Ra7 Nxe6 30. fxe6 Qe7 31. h3 Rf8 32. c4 h6 33. Kh2 Kh7 34. Kg1 Rc8
35. Kh2 Qg5 36. Kg1 Qc1+ 37. Kh2 Qxc4 38. Qxc4 Nxc4 39. e7 Nd2 40. Rxc7 Re8 41.
e5 Ne4 42. exd6 Nxd6 43. Rd7 Nf5 44. d6 b5 45. Rd8 Nxd6 46. Rxd6 Rxe7 47. Rb6
Re5 48. Kg3 Rd5 49. Kf4 Rg5 50. g4 Rd5 51. Kf3 Kg8 52. Rb7 Kh7 53. h4 h5 54. g5
Kg6 55. Rb6+ Kf5 56. Rb7 g6 57. Rf7+ Ke5 58. Rf6 Rd3+ 59. Ke2 Rd6 60. Rxd6 Kxd6
61. Kd3 Kd5 62. Kc3 Ke4 63. Kb3 Kd3 64. Kb2 Kd2 65. Kb3 Kd3 66. Kb2 Kc4 67. Ka3
Kc3 68. Ka2 Kxb4 {Normal} 0-1

[Event "Rated Blitz tournament kXM78Us3"]
[Site "?"]
[Date "2021.07.05"]
[Round "?"]
[White "ArchibaldCronin"]
[Black "Abanamatt"]
[Result "1-0"]
[ECO "C42"]
[WhiteElo "2412"]
[BlackElo "2266"]
[PlyCount "131"]
[EventDate "2021.??.??"]
[EventType "blitz"]
[TimeControl "180"]

1. e4 e5 2. Nf3 Nf6 3. Nxe5 d6 4. Nxf7 Kxf7 5. Nc3 c5 6. Bc4+ Be6 7. Bxe6+ Kxe6
8. O-O Nc6 9. f4 Kd7 10. d3 Qe8 11. Be3 Rd8 12. d4 cxd4 13. Bxd4 Kc8 14. Qd3
Kb8 15. Bf2 Ng4 16. Bg3 h5 17. h3 Nf6 18. Rad1 Qg6 19. f5 Qf7 20. a3 Be7 21. b4
Ne5 22. Qe2 Rc8 23. Nd5 Nxd5 24. exd5 Rc3 25. Bxe5 dxe5 26. Qxe5+ Rc7 27. d6
Bxd6 28. Rxd6 Rhc8 29. Rf2 a6 30. Rdd2 Ka8 31. Qe6 Qf6 32. Qxf6 gxf6 33. Rd6
Rc6 34. Rxc6 Rxc6 35. Kh2 Rc3 36. g4 hxg4 37. hxg4 Kb8 38. g5 fxg5 39. f6 Rc8
40. Kg3 Rf8 41. Kg4 Kc7 42. Kxg5 Kd6 43. c4 Ke5 44. f7 Ke6 45. Rf6+ Ke7 46. Kf5
Rc8 47. f8=Q+ Rxf8 48. Rxf8 Kxf8 49. Ke6 Ke8 50. Kd6 Kd8 51. a4 Kc8 52. a5 Kd8
53. Kc5 Kc7 54. b5 axb5 55. cxb5 Kc8 56. Kd6 Kd8 57. b6 Kc8 58. Ke7 Kb8 59. Kd8
Ka8 60. Kd7 Kb8 61. Kd8 Ka8 62. a6 Kb8 63. Kd7 Ka8 64. Kc7 bxa6 65. b7+ Ka7 66.
b8=Q# {Normal} 1-0

[Event "Rated Blitz game"]
[Site "?"]
[Date "2021.07.04"]
[Round "?"]
[White "Taabling"]
[Black "Wernad"]
[Result "1-0"]
[ECO "C42"]
[WhiteElo "2462"]
[BlackElo "2358"]
[PlyCount "67"]
[EventDate "2021.??.??"]
[EventType "blitz"]
[TimeControl "180+2"]

1. e4 e5 2. Nf3 Nf6 3. Nxe5 d6 4. Nxf7 Kxf7 5. Nc3 c6 6. d4 g6 7. Bd3 Kg7 8.
O-O Be7 9. f4 Rf8 10. Kh1 d5 11. e5 Ne4 12. Nxe4 dxe4 13. Bxe4 Bf5 14. Bf3 h5
15. c4 Na6 16. d5 cxd5 17. cxd5 Bc5 18. b3 Nb4 19. Bb2 Nd3 20. Bc3 Nf2+ 21.
Rxf2 Bxf2 22. Qd2 Bb6 23. Re1 Kh7 24. e6 Bxe6 25. dxe6 Qxd2 26. Bxd2 Rab8 27.
e7 Rfe8 28. f5 Bc5 29. f6 Rbc8 30. Bg5 Bf2 31. Rf1 Bd4 32. Bxb7 Rb8 33. Bd5 Bc5
34. Bf7 {Time forfeit} 1-0

[Event "Rated Blitz game"]
[Site "?"]
[Date "2021.07.04"]
[Round "?"]
[White "MarceloPlaya"]
[Black "Nebonik"]
[Result "0-1"]
[ECO "C42"]
[WhiteElo "2419"]
[BlackElo "2574"]
[PlyCount "56"]
[EventDate "2021.??.??"]
[EventType "blitz"]
[TimeControl "180+2"]

1. e4 e5 2. Nf3 Nf6 3. Nxe5 d6 4. Nxf7 Kxf7 5. Nc3 Qe8 6. Bc4+ Be6 7. Bxe6+
Qxe6 8. O-O g6 9. d4 Bg7 10. f4 Nxe4 11. f5 gxf5 12. Qh5+ Kg8 13. d5 Qg6 14.
Qh4 Bxc3 15. bxc3 Nd7 16. Rb1 Ndc5 17. Be3 h5 18. Rf4 Rh7 19. Rbf1 Rf8 20. Bd4
Nd7 21. Qh3 Rhf7 22. Rh4 Ng5 23. Qg3 f4 24. Qf2 Ne5 25. Kh1 f3 26. g3 Ng4 27.
Qd2 f2 28. Be3 Qe4# {Normal} 0-1

[Event "Rated Blitz game"]
[Site "?"]
[Date "2021.07.04"]
[Round "?"]
[White "EinarHjalti"]
[Black "MIR4CLE"]
[Result "0-1"]
[ECO "C42"]
[WhiteElo "2540"]
[BlackElo "2630"]
[PlyCount "56"]
[EventDate "2021.??.??"]
[EventType "blitz"]
[TimeControl "180+2"]

1. e4 e5 2. Nf3 Nf6 3. Nxe5 d6 4. Nxf7 Kxf7 5. d4 c5 6. Nc3 cxd4 7. Bc4+ Be6 8.
Bxe6+ Kxe6 9. Qxd4 Nc6 10. Qc4+ Kd7 11. Bf4 Qe8 12. O-O-O Qe6 13. Qa4 Rd8 14.
Rhe1 Kc8 15. Nb5 a6 16. Nc3 Be7 17. Nd5 Rhe8 18. Bg3 Nh5 19. Nxe7+ Qxe7 20. Rd5
Nxg3 21. hxg3 Qf7 22. f3 Re5 23. Rd3 d5 24. Red1 dxe4 25. Rxd8+ Nxd8 26. fxe4
Nc6 27. Kb1 Qg6 28. Qc4 Qe6 {Normal} 0-1

[Event "Rated Blitz game"]
[Site "?"]
[Date "2021.07.04"]
[Round "?"]
[White "EinarHjalti"]
[Black "VodkaBearsSnow"]
[Result "0-1"]
[ECO "C42"]
[WhiteElo "2536"]
[BlackElo "2646"]
[PlyCount "60"]
[EventDate "2021.??.??"]
[EventType "blitz"]
[TimeControl "180+2"]

1. e4 e5 2. Nf3 Nf6 3. Nxe5 d6 4. Nxf7 Kxf7 5. d4 c5 6. Nc3 cxd4 7. Bc4+ d5 8.
Nxd5 Be6 9. Qxd4 Nc6 10. Qd1 Ne5 11. Bb3 Bxd5 12. exd5 Bb4+ 13. c3 Bd6 14. O-O
Re8 15. h3 Kg8 16. Be3 b6 17. f4 Nc4 18. Bd4 Ne3 19. Bxe3 Rxe3 20. Qd2 Qe7 21.
Rae1 Re8 22. Rxe3 Qxe3+ 23. Qxe3 Rxe3 24. Kf2 Bc5 25. Rd1 Ne4+ 26. Kf1 Ng3+ 27.
Kf2 Rxc3+ 28. Ke1 Re3+ 29. Kd2 Ne4+ 30. Kc1 Bd6 {Normal} 0-1

[Event "Rated Blitz tournament jul21bua"]
[Site "?"]
[Date "2021.07.03"]
[Round "?"]
[White "maxim_Ermakov06"]
[Black "fergana8889"]
[Result "1-0"]
[ECO "C42"]
[WhiteElo "2576"]
[BlackElo "2426"]
[PlyCount "115"]
[EventDate "2021.??.??"]
[EventType "blitz"]
[TimeControl "180"]

1. e4 e5 2. Nf3 Nf6 3. Nxe5 d6 4. Nxf7 Kxf7 5. d4 Nc6 6. c3 Be7 7. Bd3 Rf8 8.
O-O Kg8 9. f4 Bg4 10. Qb3+ Kh8 11. Qxb7 Bd7 12. Qb3 d5 13. e5 Na5 14. Qc2 Ne4
15. b4 Nc4 16. Bxc4 dxc4 17. Qxe4 Bf5 18. Qc6 Bd3 19. Rf2 Rb8 20. Bd2 Rb6 21.
Qf3 a5 22. a3 Qa8 23. Qxa8 Rxa8 24. a4 axb4 25. cxb4 Bxb4 26. Bxb4 Rxb4 27. Nc3
Rb3 28. Rc1 c6 29. f5 Kg8 30. g4 Kf7 31. f6 g6 32. a5 Rxa5 33. e6+ Kxe6 34. f7
Ra8 35. f8=Q Rxf8 36. Rxf8 Rb2 37. Rf2 Rb3 38. h4 Ra3 39. g5 Bf5 40. Re2+ Kd6
41. Re5 Rb3 42. Rc5 Bd3 43. Nd1 Rb4 44. Ne3 c3 45. R1xc3 Rxd4 46. Rxc6+ Kd7 47.
Rc7+ Kd8 48. Rxh7 Be4 49. Ra3 Rd2 50. Rb3 Kc8 51. Nc4 Rg2+ 52. Kf1 Bd3+ 53.
Rxd3 Rc2 54. Nd6+ Kb8 55. Rb3+ Ka8 56. Rh8+ Ka7 57. Rb7+ Ka6 58. Ra8# {Normal}
1-0

[Event "Rated Blitz game"]
[Site "?"]
[Date "2021.07.03"]
[Round "?"]
[White "Tinopov"]
[Black "korse"]
[Result "0-1"]
[ECO "C42"]
[WhiteElo "2457"]
[BlackElo "2481"]
[PlyCount "118"]
[EventDate "2021.??.??"]
[EventType "blitz"]
[TimeControl "180"]

1. e4 e5 2. Nf3 Nf6 3. Nxe5 d6 4. Nxf7 Kxf7 5. d4 g6 6. Nc3 Bg7 7. f4 Re8 8. e5
dxe5 9. fxe5 Nc6 10. Bc4+ Be6 11. Bxe6+ Rxe6 12. O-O Qxd4+ 13. Qxd4 Nxd4 14.
exf6 Rxf6 15. Bg5 Rf5 16. Rad1 c6 17. Rxf5+ gxf5 18. Be3 Nxc2 19. Rd7+ Kg8 20.
Bf2 b6 21. Rc7 c5 22. Nd5 Rd8 23. Ne7+ Kf8 24. g3 Rd1+ 25. Kg2 Rd2 26. Nxf5
Bxb2 27. Rxh7 a5 28. Rb7 Nb4 29. Kf3 Nd5 30. g4 c4 31. Bg3 c3 32. Bd6+ Ke8 33.
Ng7+ Kd8 34. Ne6+ Kc8 35. Rh7 c2 36. Rh8+ Kb7 37. Nd8+ Ka6 38. Nc6 c1=Q 39. Ne5
Bxe5 40. Ra8+ Kb7 41. Rb8+ Ka6 42. Ra8+ Kb5 43. a4+ Kxa4 44. Bxe5 Qh1+ 45. Kg3
Rd3+ 46. Kh4 Qe1+ 47. Bg3 Qe7+ 48. Kh3 Rxg3+ 49. Kxg3 Qc7+ 50. Kh4 Qb7 51. Rd8
Qh7+ 52. Kg3 Qd3+ 53. Kh4 Qh7+ 54. Kg3 Qc7+ 55. Kf3 Qxd8 56. h4 b5 57. g5 b4
58. g6 b3 59. g7 Qh8 {Time forfeit} 0-1

[Event "Rated Blitz tournament cq4B5kge"]
[Site "?"]
[Date "2021.07.03"]
[Round "?"]
[White "orishuas"]
[Black "MaitedePapa"]
[Result "1/2-1/2"]
[ECO "C42"]
[WhiteElo "2438"]
[BlackElo "2464"]
[PlyCount "30"]
[EventDate "2021.??.??"]
[EventType "blitz"]
[TimeControl "180"]

1. e4 e5 2. Nf3 Nf6 3. Nxe5 d6 4. Nxf7 Kxf7 5. d4 d5 6. e5 Nfd7 7. Nc3 c6 8. f4
Bb4 9. Bd3 Qh4+ 10. g3 Qh3 11. Qf3 Re8 12. Bf1 Qf5 13. Bd3 Qh3 14. Bf1 Qf5 15.
Bd3 Qh3 {Normal} 1/2-1/2

[Event "Rated Blitz game"]
[Site "?"]
[Date "2021.07.03"]
[Round "?"]
[White "EinarHjalti"]
[Black "MIR4CLE"]
[Result "1/2-1/2"]
[ECO "C42"]
[WhiteElo "2530"]
[BlackElo "2607"]
[PlyCount "155"]
[EventDate "2021.??.??"]
[EventType "blitz"]
[TimeControl "180+2"]

1. e4 e5 2. Nf3 Nf6 3. Nxe5 d6 4. Nxf7 Kxf7 5. d4 c5 6. Nc3 cxd4 7. Qxd4 Nc6 8.
Bc4+ Be6 9. Bxe6+ Kxe6 10. Qc4+ Kd7 11. Bf4 Qe8 12. O-O-O Qe6 13. Qa4 Kc8 14.
Rhe1 Be7 15. Nd5 Bd8 16. Bg3 Nd7 17. Ne3 Nc5 18. Qa3 Nxe4 19. Nd5 Rf8 20. Kb1
Qf5 21. Bxd6 Nxd6 22. Qxd6 Rf7 23. Ne3 Qf6 24. Nc4 Re7 25. Rxe7 Qxe7 26. Qg3
Bc7 27. Qh3+ Kb8 28. Qxh7 a6 29. Ne3 Ka7 30. Nd5 Qd6 31. Qxg7 Rd8 32. a3 Bb6
33. f4 Qc5 34. Qf7 Nd4 35. Nc3 Rc8 36. Qd5 Qxd5 37. Nxd5 Nf5 38. g4 Ne3 39.
Nxe3 Bxe3 40. Rf1 Rh8 41. Rf3 Bd4 42. h3 Kb6 43. c3 Bf6 44. g5 Be7 45. Kc2 Kc5
46. Kd3 Kd5 47. c4+ Ke6 48. Ke4 Kf7 49. Kf5 Rc8 50. b3 Bxa3 51. Rd3 Rc7 52. h4
Bf8 53. h5 b5 54. cxb5 axb5 55. h6 Kg8 56. Kg6 Rc6+ 57. Kh5 b4 58. f5 Rc3 59.
Rd8 Rxb3 60. g6 Rh3+ 61. Kg5 Rxh6 62. Rxf8+ Kxf8 63. Kxh6 b3 64. Kh7 b2 65. g7+
Ke7 66. g8=Q b1=Q 67. Qe6+ Kf8 68. Qf6+ Ke8 69. Kg7 Qb7+ 70. Kg8 Qd5+ 71. Kg7
Qb7+ 72. Kg6 Qg2+ 73. Qg5 Qxg5+ 74. Kxg5 Kf7 75. f6 Kf8 76. Kg6 Kg8 77. f7+ Kf8
78. Kf6 {Normal} 1/2-1/2

[Event "Rated Blitz game"]
[Site "?"]
[Date "2021.07.03"]
[Round "?"]
[White "inancvefa13"]
[Black "IDantesI"]
[Result "1-0"]
[ECO "C42"]
[WhiteElo "2425"]
[BlackElo "2393"]
[PlyCount "91"]
[EventDate "2021.??.??"]
[EventType "blitz"]
[TimeControl "180"]

1. e4 e5 2. Nf3 Nf6 3. Nxe5 d6 4. Nxf7 Kxf7 5. Bc4+ Be6 6. Bxe6+ Kxe6 7. d4 Kd7
8. c3 c6 9. e5 Nd5 10. c4 Nb6 11. exd6 Qe8+ 12. Be3 Nxc4 13. Qg4+ Qe6 14. Qf3
Bxd6 15. O-O Kc7 16. Nc3 Rf8 17. Qe2 Nxe3 18. fxe3 Nd7 19. d5 Qe5 20. g3 a6 21.
dxc6 bxc6 22. Rac1 Bc5 23. Rce1 Rxf1+ 24. Kxf1 Rf8+ 25. Kg2 Kb7 26. Qd1 Nf6 27.
Qb3+ Bb6 28. a4 Ka7 29. Qc4 Qc5 30. Qe6 Re8 31. Qf7+ Re7 32. Qf8 Rxe3 33. Qxg7+
Kb8 34. Rxe3 Qxe3 35. Qxf6 Qd2+ 36. Kh3 Qd7+ 37. Kg2 Qd2+ 38. Kh3 Qd7+ 39. Kg2
Bc7 40. Qf2 Kb7 41. Qe2 Qd6 42. a5 Qc5 43. Ne4 Qd5 44. b4 Qd4 45. Nc5+ Ka7 46.
Qxa6+ {Time forfeit} 1-0

[Event "Rated Blitz game"]
[Site "?"]
[Date "2021.07.03"]
[Round "?"]
[White "Tinopov"]
[Black "danieljaber"]
[Result "0-1"]
[ECO "C42"]
[WhiteElo "2433"]
[BlackElo "2429"]
[PlyCount "64"]
[EventDate "2021.??.??"]
[EventType "blitz"]
[TimeControl "180"]

1. e4 e5 2. Nf3 Nf6 3. Nxe5 d6 4. Nxf7 Kxf7 5. d4 c5 6. c3 Nc6 7. Bc4+ Ke8 8.
O-O cxd4 9. cxd4 Be7 10. Nc3 a6 11. a4 Bd7 12. Kh1 Qc7 13. Nd5 Nxd5 14. Bxd5
Nb4 15. Bb3 g6 16. Be3 d5 17. e5 Be6 18. f4 Qd7 19. Bd2 a5 20. Bxb4 Bxb4 21.
Rc1 Rf8 22. Qf3 Rf7 23. Qg3 Kf8 24. Rc2 Rc8 25. Qh4 Kg7 26. Rcf2 Rcf8 27. h3
Qd8 28. Qg3 Be7 29. Qc3 Bb4 30. Qg3 Bf5 31. Bc2 Bxc2 32. Re2 Be4 {Time forfeit}
0-1

[Event "Rated Blitz game"]
[Site "?"]
[Date "2021.07.03"]
[Round "?"]
[White "Electracy"]
[Black "Juankar1"]
[Result "1-0"]
[ECO "C42"]
[WhiteElo "2400"]
[BlackElo "2302"]
[PlyCount "57"]
[EventDate "2021.??.??"]
[EventType "blitz"]
[TimeControl "300"]

1. e4 e5 2. Nf3 Nf6 3. Nxe5 d6 4. Nxf7 Kxf7 5. Nc3 g6 6. d4 Kg7 7. f4 d5 8. e5
Ne4 9. Nxe4 dxe4 10. Be3 Be6 11. c4 c6 12. Qc2 Qa5+ 13. Kf2 Bf5 14. Be2 h5 15.
g3 Nd7 16. h3 Be7 17. g4 hxg4 18. hxg4 Be6 19. a3 Qa6 20. b3 Raf8 21. Qxe4 Rxh1
22. Rxh1 Qxa3 23. Bd3 Qb2+ 24. Kg3 Bf7 25. f5 Rh8 26. f6+ Nxf6 27. exf6+ Bxf6
28. g5 Bd8 29. Qe5+ {Normal} 1-0